 Dungeon Crawl Stone Soup version 0.27.1-35-g4d5d836560 (console) character file.

Game seed: 15749660393993993191

263 grimtooth the Spear-Bearer (level 6, -2/44 HPs)
             Began as a Merfolk Gladiator on Dec 18, 2022.
             Slain by Grinder (3 damage)
             ... while paralysed by Grinder
             ... on level 5 of the Dungeon.
             The game lasted 00:15:44 (4055 turns).

grimtooth the Spear-Bearer (Merfolk Gladiator)      Turns: 4055, Time: 00:15:44

Health: -2/44      AC:  6    Str: 16    XL:     6   Next: 19%
Magic:  6/6        EV:  2    Int:  8    God:
Gold:   160        SH:  0    Dex: 15    Spells: 5/5 levels left

rFire    . . .     SeeInvis .   a - +0 trident
rCold    + . .     Faith    .   (no shield)
rNeg     . . .     Spirit   .   k - +1 leather armour {rC+}
rPois    .         Reflect  .   n - +1 helmet
rElec    .         Harm     .   (no cloak)
rCorr    .         Rampage  .   (no gloves)
Will     .....                  (no boots)
Stlth    +.........             (no amulet)
HPRegen  0.14/turn              (no ring)
MPRegen  0.10/turn              (no ring)

@: paralysed
A: (nimble swimmer 2), mertail
a: no special abilities


You were on level 5 of the Dungeon.
You visited 1 branch of the dungeon, and saw 5 of its levels.

You collected 160 gold pieces.

Inventory:

Hand Weapons
 a - a +0 trident (weapon)
 b - a +0 hunting sling
Missiles
 g - 113 stones (quivered)
 o - 20 poisoned darts
 s - 4 boomerangs
 x - 3 silver boomerangs
 y - 38 sling bullets
 z - 3 javelins
Armour
 c - a +0 helmet
 h - a +0 leather armour
 k - a +1 leather armour of cold resistance (worn)
 n - a +1 helmet (worn)
Magical Staves
 p - a staff of cold
Scrolls
 e - a scroll of identify {@r4}
 i - a scroll of magic mapping {unknown}
 j - a scroll of fog
 m - a scroll of teleportation {unknown}
 t - a scroll of fear {unknown}
 A - a scroll of noise {unknown}
 B - a scroll of amnesia {unknown}
 C - a scroll of enchant weapon {unknown}
Potions
 f - 2 potions of curing {unknown}
 l - 2 potions of magic
 r - 2 potions of attraction
 u - a potion of lignification {unknown}
 v - 2 potions of mutation {unknown}
 w - a potion of degeneration {unknown}


   Skills:
 - Level 2.1 Fighting
 * Level 8.4 Polearms
 - Level 2.0 Throwing
 + Level 6.0 Dodging


You had 5 spell levels left.
You didn't know any spells.
Your spell library contained the following spells:

 Spells                   Type           Power      Damage    Failure   Level
 Magic Dart               Conj           0%         1d3       47%         1
 Corpse Rot               Necr/Air       N/A        N/A       63%         2
 Searing Ray              Conj           0%         3d3       63%         2
 Ozocubu's Armour         Ice            0%         N/A       85%         3
 Dispel Undead            Necr           0%         3d6       99%         4
 Fulminant Prism          Conj/Hex       0%         3d6       99%         4
 Iskenderun's Mystic Bla  Conj/Tloc      0%         2d3       99%         4
 Lee's Rapid Deconstruct  Erth           0%         3d5*      100%        5
 Metabolic Englaciation   Hex/Ice        0%         N/A       100%        5
 Death Channel            Necr           0%         N/A       100%        6
 Simulacrum               Ice/Necr       0%         N/A       100%        6


Dungeon Overview and Level Annotations

Branches:
Dungeon (5/15)
 Temple: D:4-7

Altars:
Cheibriados
Vehumet

Annotations:
D:3 3 runed translucent doors, 0gre's ghost, amateur GnIE; KingTuna's ghost, weakling DsBe; croobank's ghost, weakling DsFi; grimtooth's ghost, weakling DsAK
D:5 Grinder


Innate Abilities, Weirdness & Mutations

((You are quick and stealthy near water. (Stealth+, EV+, Speed+++)))
Your lower body shifts to a powerful aquatic tail in water.


Message History

You catch the helpless Grinder completely off-guard!
You hit Grinder but do no damage.
Grinder is severely wounded.
Reach: a) +0 trident
Press: ? - help, Dir - move target, f/p - Grinder
Aim: Grinder (severely wounded, entangled in a net, about 13% to evade your +0 trident)
You reach to attack!
You hit Grinder.
Grinder is severely wounded.
Grinder struggles against the net.
Reach: a) +0 trident
Press: ? - help, Dir - move target, f/p - Grinder
Aim: Grinder (severely wounded, entangled in a net, about 13% to evade your +0 trident)
You reach to attack!
You hit Grinder.
Grinder is severely wounded.
Grinder struggles against the net.
The net rips apart, and Grinder comes free!
Reach: a) +0 trident
Press: ? - help, Dir - move target, f/p - Grinder
Aim: Grinder (severely wounded, about 40% to evade your +0 trident)
You reach to attack!
You closely miss Grinder.
Grinder is severely wounded.
Reach: a) +0 trident
Press: ? - help, Dir - move target, f/p - Grinder
Aim: Grinder (severely wounded, about 40% to evade your +0 trident)
You reach to attack!
You hit Grinder.
Grinder is almost dead.
You closely miss Grinder.
Grinder is almost dead.
Grinder gestures at you.
You suddenly lose the ability to move!
Grinder gestures at you. You resist with significant effort. Grinder hits you.
* * * LOW HITPOINT WARNING * * *
You writhe in agony.
* * * LOW HITPOINT WARNING * * *
Grinder hits you.
* * * LOW HITPOINT WARNING * * *
You writhe in agony.
You die...

.....##.....#..#.
.. ##
..#..###.#..#..##
##> >##..#
#.#..#..#.## #
###..#
#.#..#.....## # #
#...
............##.#
#.###
...##.......#.#
#.#
..............
#.# ..........#
#........#
...#.).## #
#..#.@## #
#..#5## #
#.§#.###### #
###.§..§..5... #
#......#######
##########.#.####
...........#.#
############.#
#.# #.. ###


You could see Grinder.

Vanquished Creatures
  A scorpion (D:4)
  An iron imp (D:3)
  An orc priest (D:4)
  4 adders
  An adder skeleton (D:4)
  3 worms (D:2)
  A dart slug (D:3)
  9 orcs
  6 ball pythons
  7 endoplasms
  2 giant cockroaches
  7 goblins
  11 hobgoblins
  2 jackals (D:2)
  5 kobolds
  9 quokkas
  3 bats
  6 frilled lizards
  3 rats (D:1)
82 creatures vanquished.

Vanquished Creatures (others)
  6 plants (D:1)
6 creatures vanquished.

Grand Total: 88 creatures vanquished

Notes
Turn   | Place    | Note
-------+----------+-------------------------------------------
     0 | D:1      | grimtooth the Merfolk Gladiator began the quest for the
                  | Orb.
     0 | D:1      | Reached XP level 1. HP: 16/16 MP: 1/1
   101 | D:1      | Found a radiant altar of Vehumet.
   321 | D:1      | Reached skill level 5 in Polearms
   321 | D:1      | Reached XP level 2. HP: 9/22 MP: 2/2
   935 | D:1      | Reached XP level 3. HP: 24/27 MP: 3/3
  1856 | D:2      | Found a radiant altar of Vehumet.
  1922 | D:2      | Reached skill level 6 in Polearms
  2079 | D:2      | Reached XP level 4. HP: 32/33 MP: 4/4
  2219 | D:2      | Reached skill level 5 in Dodging
  2575 | D:3      | Found a faded altar of an unknown god.
  2864 | D:3      | Found a snail-covered altar of Cheibriados.
  2879 | D:3      | Reached skill level 7 in Polearms
  2879 | D:3      | Reached XP level 5. HP: 38/38 MP: 5/5
  2967 | D:3      | Found a runed translucent gate.
  2967 | D:3      | Found a runed translucent gate.
  2968 | D:3      | Noticed grimtooth's ghost (weakling DsAK)
  2968 | D:3      | Noticed croobank's ghost (weakling DsFi)
  2968 | D:3      | Noticed KingTuna's ghost (weakling DsBe)
  2969 | D:3      | Found a runed translucent gate.
  2969 | D:3      | Noticed 0gre's ghost (amateur GnIE)
  3880 | D:4      | Reached skill level 8 in Polearms
  3880 | D:4      | Reached XP level 6. HP: 38/44 MP: 6/6
  3942 | D:5      | Entered Level 5 of the Dungeon
  4016 | D:5      | Noticed Grinder
  4031 | D:5      | Paralysed by Grinder for 4 turns
  4052 | D:5      | Paralysed by Grinder for 5 turns
  4054 | D:5      | HP: 2/44 [Grinder (4)]
  4055 | D:5      | Slain by Grinder

Illustrated notes

Levels and vault maps discovered:
D:1:      sevenhm_arrival_forest_fort_small_6, layout_basic, serial_forest,
          infiniplex_forest_straight_4, infiniplex_forest_clump_long,
          infiniplex_forest_lined_3, infiniplex_forest_straight_1,
          infiniplex_forest_straight_2, infiniplex_forest_lined_4_way,
          infiniplex_forest_lined_room_2, infiniplex_forest_clump_double,
          infiniplex_forest_lined_corner, st_stairs_7
D:2:      layout_basic, basic_altar, grunt_ministairs_1
D:3:      layout_rooms, slow_altar_2, gammafunk_ghost_cemetery,
          basic_ecumenical_altar, minmay_randomly_rotated_circles
D:4:      layout_basic
D:5:      layout_loops_ring, mainiacjoe_overflow_boulevard, corexii_shack,
          uniq_grinder

Skill      XL: |  1  2  3  4  5 |
---------------+----------------+-----
Polearms       | 5 6 7 8 |  8.4
Dodging        | 5 6 |  6.0
Fighting       | |  2.1
Throwing       | |  2.0

Action                   |  1- 3 |  4- 6 || total
-------------------------+-------+-------++-------
Melee: Trident           |   119 |   146 ||   265
 Fire: Hunting sling     |    25 |    29 ||    54
Throw: Throwing net      |     3 |     1 ||     4
       Stone             |    11 |       ||    11
       Dart              |       |    17 ||    17
  Use: Scroll            |       |     3 ||     3
       Potion            |       |     1 ||     1
 Stab: Held in net/web   |     1 |     1 ||     2
       Sleeping          |       |     2 ||     2
       Distracted        |       |     1 ||     1
Armor: Leather armour    |    23 |    26 ||    49
Dodge: Dodged            |    59 |    88 ||   147
